 Dungeon Crawl Stone Soup version 0.21.1-1-g345015fe64 (webtiles) character file.

10035 DildoBatman the Stinger (level 11, -15/81 HPs)
             Began as a Formicid Wizard on June 13, 2018.
             Was a Priest of Kikubaaqudgha.
             Demolished by a white ugly thing (27 damage)
             ... on level 11 of the Dungeon.
             The game lasted 00:51:25 (11954 turns).

DildoBatman the Stinger (Formicid Wizard)          Turns: 11954, Time: 00:51:26

Health: -15/81     AC: 12    Str: 11    XL:     11   Next: 85%
Magic:  10/27      EV: 11    Int: 28    God:    Kikubaaqudgha [***...]
Gold:   538        SH:  4    Dex: 12    Spells: 2/19 levels left

rFire    . . .     SeeInvis +   a - +2 war axe "Impslayer" {flame, rPois MR+ Int+3} (curse)
rCold    . . .     Gourm    .   U - +0 buckler
rNeg     . . .     Faith    +   F - +1 ring mail of Rutwivua {MR+ Int+3}
rPois    +         Spirit   .   (helmet unavailable)
rElec    .         Reflect  .   Y - +0 cloak
rCorr    .         Harm     .   X - +2 pair of gloves {Dex+3}
MR       +++..                  g - +0 pair of boots
Stlth    +++.......             b - amulet of faith
HPRegen  1.23/turn              t - ring of stealth
MPRegen  0.20/turn              G - ring of magical power

@: regenerating (expiring)
A: permanent stasis, dig shafts and tunnels, four strong arms, antennae 3
a: Dig, Shaft Self, Receive Corpses, Renounce Religion


You were on level 11 of the Dungeon.
You worshipped Kikubaaqudgha.
Kikubaaqudgha was most pleased with you.
You were very hungry.

You visited 2 branches of the dungeon, and saw 12 of its levels.
You also visited: Sewer.

You collected 538 gold pieces.

Inventory:

Hand Weapons
 a - the cursed +2 war axe "Impslayer" (weapon) {flame, rPois MR+ Int+3}
   (You found it on level 10 of the Dungeon)

   It has been specially enchanted to burn those struck by it, causing extra
   injury to most foes and up to half again as much damage against particularly
   susceptible opponents.
   Big, fiery blades are also staple armaments of hydra-hunters.
   It affects your intelligence (+3).
   It protects you from poison.
   It affects your resistance to hostile enchantments.
   It has a curse placed upon it.
 c - a +2 shortbow of freezing
 f - a +1 war axe of electrocution
Missiles
 q - 284 arrows
Armour
 g - a +0 pair of boots (worn)
 B - a +2 robe of fire resistance
 F - the +1 ring mail of Rutwivua (worn) {MR+ Int+3}
   (You took it off an orc on level 4 of the Dungeon)

   It affects your intelligence (+3).
   It affects your resistance to hostile enchantments.
 N - a +2 leather armour of cold resistance
 U - a +0 buckler (worn)
 X - a +2 pair of gloves of dexterity (worn)
 Y - a +0 cloak (worn)
Jewellery
 b - an amulet of faith (around neck)
 t - a ring of stealth (left hand)
 u - an uncursed ring of ice
 G - a ring of magical power (right hand)
 K - an uncursed amulet of regeneration
 M - an uncursed ring of flight
Wands
 R - a wand of clouds (6)
Scrolls
 e - 3 scrolls of fog
 m - 4 scrolls of fear
 x - 3 scrolls of remove curse
 z - 2 scrolls of identify
 C - 2 scrolls of magic mapping
Potions
 d - 3 potions of agility
 D - 5 potions of heal wounds
 J - 3 potions of flight
 Z - 2 potions of invisibility
Comestibles
 v - 33 rations


   Skills:
 - Level 6.0 Fighting
 * Level 3.2(4.3) Axes
   Level 4.0(4.6) Maces & Flails
   Level 1.0(2.3) Polearms
 - Level 1.1 Bows
 - Level 5.0 Armour
 - Level 3.0 Dodging
 - Level 5.0 Stealth
 - Level 3.0 Shields
 * Level 4.8 Spellcasting
 - Level 5.0 Conjurations
 - Level 6.0 Hexes
 - Level 5.0 Charms
   Level 1.0 Summonings
 * Level 5.6 Necromancy
   Level 0.8 Translocations
 - Level 4.0 Air Magic
 * Level 2.8 Earth Magic
 - Level 6.2 Poison Magic
 * Level 4.3 Evocations


You had 2 spell levels left.
You knew the following spells:

 Your Spells              Type           Power        Failure   Level  Hunger
a - Slow                  Hex            #####...     1%          2    None
b - Magic Dart            Conj           ####         1%          1    None
c - Spectral Weapon       Hex/Chrm       #####...     4%          3    #......
d - Regeneration          Chrm/Necr      #####.....   4%          3    #......
e - Mephitic Cloud        Conj/Pois/Air  #####...     5%          3    #......
f - Borgnjor's Vile Clut  Necr/Erth      ####......   58%         5    #####..


Dungeon Overview and Level Annotations

Branches:
Dungeon (11/15)            Temple (1/1) D:5            Lair (0/6) D:10
    Orc (0/2) D:10

Altars:
Ashenzari
Cheibriados
Dithmenos
Elyvilon
Fedhas
Gozag
Hepliaklqana
Kikubaaqudgha
Makhleb
Nemelex Xobeh
Okawaru
Qazlal
Ru
Sif Muna
Trog
Uskayaw
Vehumet
Wu Jian
Xom
Yredelemnul
Zin
The Shining One

Shops:
D:10 (

Annotations:
D:3 Sapher's ghost, weakling VSNe
D:4 Henning's ghost, novice MiBe
D:6 exclusions: angel and blizzard demon
D:8 tim133133's ghost, novice DDFi
D:9 nocturnal's ghost, journeyman HaWr


Innate Abilities, Weirdness & Mutations

You cannot be hasted, slowed, berserked, paralysed or teleported.
You can dig through walls and to a lower floor.
Your four strong arms can wield two-handed weapons with a shield.
You have a pair of large antennae on your head. (SInv)


Message History

The white ugly thing freezes you!!
The white ugly thing is engulfed in noxious fumes.
There is an open door here.
Your skin is crawling a little less now.
The white ugly thing is engulfed in noxious fumes.
You are feeling very hungry.
Casting: Mephitic Cloud
Confirm with . or Enter, or press ? or * to list all spells.
Aiming: Mephitic Cloud
Press: ? - help, Shift-Dir - straight line, f/p - white ugly thing
Aim: a white ugly thing (moderately wounded)
The ball explodes into a vile cloud!
The stinking cloud engulfs the white ugly thing.
The white ugly thing is moderately wounded.
The stinking cloud engulfs you!
The white ugly thing is engulfed in noxious fumes.
The white ugly thing stings you. The white ugly thing freezes you!!
You die...
Kikubaaqudgha rasps: "You have failed me!
Welcome... death!"

#.........#
#.........#
#.........#
#.........#
#.........+
#.........#
#.........#
####)#######
#§@..#
#u####
###§#######
#.........#
#......[..#
#.........+
#.........#
+.........#
#.........#


You could see a white ugly thing.

Vanquished Creatures
  3 two-headed ogres
  Joseph (D:8)
  A centaur zombie (D:10)
  A hippogriff (D:9)
  Sigmund (D:2)
  10 yaks (D:10)
  A water moccasin (D:9)
  3 porcupines (D:10)
  5 orc warriors
  A sky beast (D:5)
  A black bear (D:8)
  2 eyes of draining
  3 ice beasts
  A phantom (D:7)
  3 ogres
  6 centaurs
  4 crocodiles (D:10)
  3 big kobolds
  6 bullfrogs
  4 scorpions
  11 killer bees (D:10)
  6 howler monkeys
  2 crimson imps
  A quasit (D:10)
  2 bullfrog zombies
  6 hounds
  2 jellies
  5 orc priests
  3 centaur skeletons
  4 bullfrog skeletons
  An iguana (D:10)
  6 worker ants
  13 orc wizards
  2 hound zombies
  A hound skeleton (D:4)
  A worker ant zombie (D:5)
  15 adders
  A river rat (Sewer)
  2 shadow imps (D:6)
  3 oozes
  2 adder skeletons
  A worm (D:6)
  A dart slug (D:2)
  6 leopard geckos
  47 orcs
  8 bats
  10 giant cockroaches
  11 goblins
  6 hobgoblins
  26 jackals
  28 kobolds
  2 quokkas
  A ball python (D:3)
  6 frilled lizards
  2 leopard gecko skeletons
  A quokka skeleton (D:8)
  13 rats
  2 plants (D:10)
320 creatures vanquished.

Vanquished Creatures (collateral kills)
  A spectral weapon (D:10)
1 creature vanquished.

Vanquished Creatures (others)
  A fungus (D:10)
  A spectral weapon (D:10)
2 creatures vanquished.

Grand Total: 323 creatures vanquished

Notes
Turn   | Place    | Note
-------+----------+-------------------------------------------
     0 | D:1      | DildoBatman the Formicid Wizard began the quest for the Orb.
     0 | D:1      | Reached XP level 1. HP: 13/13 MP: 4/4
    52 | D:1      | Reached skill level 1 in Conjurations
   247 | D:1      | Reached skill level 1 in Fighting
   247 | D:1      | Reached XP level 2. HP: 21/21 MP: 3/6
   694 | D:1      | Reached XP level 3. HP: 27/27 MP: 0/7
   698 | D:1      | Learned a level 2 spell: Slow
   702 | D:1      | Learned a level 3 spell: Mephitic Cloud
  1392 | D:2      | Reached XP level 4. HP: 33/33 MP: 5/8
  1653 | D:2      | Reached skill level 1 in Armour
  1653 | D:2      | Reached XP level 5. HP: 27/38 MP: 0/9
  2021 | D:3      | Noticed Sapher's ghost (weakling VSNe)
  2639 | D:3      | Reached XP level 6. HP: 47/47 MP: 8/10
  2712 | D:3      | Noticed Sigmund
  3320 | D:3      | Reached skill level 1 in Polearms
  3653 | D:4      | Reached skill level 1 in Maces & Flails
  3805 | D:4      | Reached XP level 7. HP: 50/53 MP: 2/11
  3844 | D:4      | Got a smoking ring mail
  3858 | D:4      | Identified the +1 ring mail of Rutwivua {MR+ Int+3} (You took it off an orc on level 4 of the Dungeon)
  4528 | D:4      | Noticed Henning's ghost (novice MiBe)
  4766 | D:5      | Entered Level 5 of the Dungeon
  5126 | D:5      | Found a glowing drain.
  5138 | Sewer    | Entered a sewer
  5237 | Sewer    | Reached XP level 8. HP: 52/61 MP: 4/12
  5299 | Sewer    | Found a white marble altar of Elyvilon.
  5408 | D:5      | Learned a level 3 spell: Spectral Weapon
  5412 | D:5      | Learned a level 3 spell: Regeneration
  5473 | D:5      | Found a staircase to the Ecumenical Temple.
  5479 | Temple   | Entered the Ecumenical Temple
  5697 | Temple   | Became a worshipper of Kikubaaqudgha
  5905 | D:5      | Found a hide-covered altar of Uskayaw.
  5913 | D:5      | Reached skill level 5 in Fighting
  5913 | D:5      | Reached skill level 1 in Poison Magic
  6163 | D:6      | Reached skill level 1 in Air Magic
  6758 | D:6      | Noticed a blizzard demon
  6759 | D:6      | Found a burning altar of Makhleb.
  6773 | D:6      | Found a glowing silver altar of Zin.
  6773 | D:6      | Noticed an angel
  6807 | D:6      | Reached XP level 9. HP: 68/68 MP: 13/13
  6809 | D:6      | Reached skill level 1 in Bows
  6969 | D:6      | Reached * piety under Kikubaaqudgha
  6969 | D:6      | Identified Kikubaaqudgha's Disquisition on Sinister Secrets (Kikubaaqudgha gifted it to you on level 6 of the Dungeon)
  6969 | D:6      | Received a gift from Kikubaaqudgha
  6981 | D:6      | Found an iron altar of Okawaru.
  7356 | D:2      | Killed Sigmund
  7356 | D:2      | Reached skill level 5 in Poison Magic
  7816 | D:7      | Found a white marble altar of Elyvilon.
  8079 | D:7      | Reached skill level 1 in Hexes
  8079 | D:7      | Reached skill level 1 in Charms
  8079 | D:7      | Reached skill level 1 in Necromancy
  8882 | D:7      | Reached XP level 10. HP: 44/74 MP: 14/14
  8941 | D:8      | Reached ** piety under Kikubaaqudgha
  9305 | D:8      | Noticed Joseph
  9306 | D:8      | Noticed a two-headed ogre
  9338 | D:8      | Noticed tim133133's ghost (novice DDFi)
  9866 | D:8      | Killed a two-headed ogre
  9866 | D:8      | Reached skill level 1 in Evocations
  9976 | D:8      | Killed Joseph
 10267 | D:9      | Noticed nocturnal's ghost (journeyman HaWr)
 10884 | D:10     | Entered Level 10 of the Dungeon
 10979 | D:10     | Found a staircase to the Orcish Mines.
 11065 | D:10     | Got a crude war axe
 11066 | D:10     | Identified the cursed +2 war axe "Impslayer" {flame, rPois MR+ Int+3} (You found it on level 10 of the Dungeon)
 11101 | D:10     | Reached skill level 5 in Stealth
 11115 | D:10     | Reached XP level 11. HP: 80/80 MP: 17/17
 11118 | D:10     | Reached *** piety under Kikubaaqudgha
 11118 | D:10     | Identified Kikubaaqudgha's Guide on Sinister Arts (Kikubaaqudgha gifted it to you on level 10 of the Dungeon)
 11118 | D:10     | Received a gift from Kikubaaqudgha
 11118 | D:10     | Reached skill level 5 in Armour
 11118 | D:10     | Reached skill level 1 in Shields
 11118 | D:10     | Reached skill level 5 in Hexes
 11120 | D:10     | Reached skill level 5 in Necromancy
 11124 | D:10     | Reached skill level 1 in Axes
 11162 | D:10     | Reached skill level 5 in Charms
 11174 | D:10     | Reached skill level 5 in Conjurations
 11252 | D:10     | Learned a level 5 spell: Borgnjor's Vile Clutch
 11262 | D:10     | Found a staircase to the Lair.
 11539 | D:10     | Reached skill level 1 in Earth Magic
 11595 | D:10     | Noticed a two-headed ogre
 11603 | D:10     | Killed a two-headed ogre
 11707 | D:10     | Noticed a two-headed ogre
 11715 | D:10     | Killed a two-headed ogre
 11793 | D:10     | Found Qilloafoi's Antique Weapon Emporium.
 11943 | D:11     | Noticed a white ugly thing
 11954 | D:11     | Demolished by a white ugly thing

Skill      XL: |  1  2  3  4  5  6  7  8  9 10 11 |
---------------+----------------------------------+-----
Conjurations   | 1 2 3 4 5 |  5.0
Fighting       | 1 2 3 4 5 6 |  6.0
Armour         | 1 2 3 4 5 |  5.0
Dodging        | 2 3 |  3.0
Stealth        | 3 4 5 |  5.0
Polearms       | 1 |  1.0
Maces & Flails | 1 3 4 |  4.0
Poison Magic   | 3 6 |  6.2
Air Magic      | 2 3 4 |  4.0
Bows           | 1 |  1.1
Hexes          | 3 4 6 |  6.0
Charms         | 3 4 5 |  5.0
Necromancy     | 3 4 5 |  5.6
Evocations     | 2 4 |  4.3
Spellcasting   | 4 |  4.8
Shields        | 3 |  3.0
Axes           | 3 |  3.2
Earth Magic    | 2 |  2.8
Summonings     | |  1.0
Translocations | |  0.8

Action                   |  1- 3 |  4- 6 |  7- 9 | 10-12 || total
-------------------------+-------+-------+-------+-------++-------
Melee: Unarmed           |     4 |       |       |       ||     4
       Short sword       |    30 |    26 |       |       ||    56
       Spear             |       |    20 |       |       ||    20
       Flail             |       |    13 |   277 |   123 ||   413
       War axe           |       |       |       |    91 ||    91
 Fire: Shortbow          |       |       |   106 |    26 ||   132
Throw: Tomahawk          |       |     4 |       |       ||     4
 Cast: Magic Dart        |    78 |   163 |   191 |    18 ||   450
       Mephitic Cloud    |       |       |    15 |    27 ||    42
       Spectral Weapon   |       |       |     9 |    40 ||    49
       Slow              |       |       |     2 |     8 ||    10
       Regeneration      |       |       |     1 |    14 ||    15
 Abil: Dig               |     3 |     1 |     9 |    14 ||    27
  Use: Scroll            |       |       |       |     9 ||     9
 Stab: Sleeping          |       |     1 |     2 |     3 ||     6
       Confused          |       |       |       |    17 ||    17
  Eat: Chunk             |     2 |     7 |    20 |    17 ||    46
Armor: Robe              |    11 |     4 |       |       ||    15
       Leather armour    |     5 |    15 |       |       ||    20
       Ring mail         |       |       |   174 |    92 ||   266
Dodge: Dodged            |    42 |    78 |   197 |   140 ||   457
Block: Buckler           |       |       |       |    21 ||    21
